 Dungeon Crawl Stone Soup version 0.21.3-3-g218456f21e (webtiles) character file.

272 MordorOrchid the Scratcher (level 6, -3/26 HPs)
             Began as a Felid Transmuter on Oct 25, 2020.
             Was an Initiate of Sif Muna.
             Slain by an orc
             ... wielding a +0 dagger
              (5 damage)
             ... on level 6 of the Dungeon.
             The game lasted 00:15:56 (3785 turns).

MordorOrchid the Scratcher (Felid Transmuter)       Turns: 3785, Time: 00:15:56

Health: -3/26      AC:  2    Str:  6    XL:     6   Next: 2%
Magic:  11/12      EV: 19    Int: 17    God:    Sif Muna [......]
Gold:   187        SH:  0    Dex: 16    Spells: 5/11 levels left
                                        Lives:  0   Deaths: 1

rFire    . . .     SeeInvis +     - Unarmed
rCold    + . .     Gourm    .   (shield unavailable)
rNeg     + . .     Faith    .   (armour unavailable)
rPois    .         Spirit   .   (helmet unavailable)
rElec    .         Reflect  .   (cloak unavailable)
rCorr    .         Harm     .   (gloves unavailable)
MR       .....                  (boots unavailable)
Stlth    +++.......             (no amulet)
HPRegen  0.08/turn              n - ring of positive energy
MPRegen  0.13/turn              t - ring of protection from cold

@: appendage (expiring), very slightly contaminated, invisible, quick
A: very small, no armour, no weapons or thrown items, stealth, claws 1, fangs 3,
horns 2, see invisible, carnivore, speed 1, shaggy fur 2, slow metabolism 1,
sharp paws
a: End Transformation, Renounce Religion


You were on level 6 of the Dungeon.
You worshipped Sif Muna.
Sif Muna was noncommittal.
You were not hungry.
You had grown temporary horns.
You visited 2 branches of the dungeon, and saw 7 of its levels.

You collected 187 gold pieces.

Inventory:

Missiles
 a - 69 arrows
Jewellery
 j - an uncursed ring of ice
 n - a ring of positive energy (left paw)
 t - a ring of protection from cold (right paw)
Scrolls
 e - 2 scrolls of blinking
 k - 2 scrolls of enchant weapon {unknown}
 l - a scroll of magic mapping {unknown}
 m - 5 scrolls of remove curse
 q - a scroll of enchant armour {unknown}
 r - a scroll of teleportation {unknown}
 s - 2 scrolls of identify {unknown}
Potions
 f - 2 potions of lignification
 h - a potion of might {unknown}
 i - 2 potions of flight
 o - a potion of heal wounds {unknown}
 p - a potion of ambrosia {unknown}
Books
 b - a book of Changes

   Spells                             Type                      Level
   a - Beastly Appendage              Transmutation                1
   b - Sticks to Snakes               Transmutation                2
   c - Spider Form                    Transmutation/Poison         3
   d - Ice Form                       Ice/Transmutation            4
   e - Blade Hands                    Transmutation                5
Comestibles
 c - 9 rations


   Skills:
 - Level 2.0 Fighting
 - Level 4.0 Dodging
 - Level 3.1 Stealth
 - Level 4.1 Unarmed Combat
 * Level 3.4 Spellcasting
 * Level 3.9 Transmutations
 * Level 1.9 Poison Magic


You had 5 spell levels left.
You knew the following spells:

 Your Spells              Type           Power        Failure   Level  Hunger
a - Beastly Appendage     Tmut           ###...       3%          1    None
b - Spider Form           Tmut/Pois      ##........   16%         3    ###....
s - Sticks to Snakes      Tmut           ###.....     4%          2    ##.....


Dungeon Overview and Level Annotations

Branches:
Dungeon (6/15)             Temple (1/1) D:4

Altars:
Ashenzari
Dithmenos
Fedhas
Hepliaklqana
Kikubaaqudgha
Makhleb
Nemelex Xobeh
Okawaru
Sif Muna
Uskayaw
Wu Jian
Yredelemnul

Annotations:
D:3 RedRedRas's ghost, amateur GnNe


Innate Abilities, Weirdness & Mutations

You cannot wear armour.
You are incapable of wielding weapons or throwing items.
Your paws allow you to move quietly. (Stealth)
You have sharp claws.
You have razor-sharp teeth.
You have supernaturally acute eyesight. (SInv)
You are carnivorous and can eat meat at any time.
You cover ground quickly.
You are covered in thick fur. (AC +2)
You have a slow metabolism.
Your sharp claws are effective at attacking unaware monsters.
You have a pair of horns on your head.


Message History

You kill the orc!
Sif Muna accepts your kill.
Your transformation is almost over.
The orc closely misses you.
You scratch the orc but do no damage. You headbutt the orc, but do no damage.
The orc completely misses you.
You scratch the orc but do no damage. The orc completely misses you.
You scratch the orc.
The orc is severely wounded.
The orc closely misses you.
You scratch the orc.
The orc is almost dead.
The orc closely misses you.
You scratch the orc but do no damage.
The orc is almost dead.
You completely miss the orc. You headbutt the orc.
You kill the orc!
Sif Muna accepts your kill.
You scratch the orc but do no damage. The orc hits you with a dagger.
You die...

####### #.# #.#
#.# #.# #.# #.#
#.#
#..############.#
#.>.soo@).......#
#################


You could see a scorpion and 2 orcs.

Vanquished Creatures
  A centaur (D:6)
  A scorpion (D:5)
  A crimson imp (D:6)
  An orc priest (D:6)
  2 orc wizards (D:6)
  A worker ant (D:3)
  A hound skeleton (D:4)
  4 adders
  An ooze (D:1)
  3 dart slugs
  3 worms
  2 leopard geckos
  9 orcs
  4 giant cockroaches
  6 goblins
  5 hobgoblins
  3 jackals
  9 kobolds
  2 quokkas (D:2)
  10 bats
  5 frilled lizards
  A quokka zombie (D:5)
  6 rats
81 creatures vanquished.

Notes
Turn   | Place    | Note
-------+----------+-------------------------------------------
     0 | D:1      | MordorOrchid the Felid Transmuter began the quest for the Orb.
     0 | D:1      | Reached XP level 1. HP: 9/9 MP: 4/4
   411 | D:1      | Reached XP level 2. HP: 8/12 MP: 6/6
   476 | D:1      | Learned a level 2 spell: Sticks to Snakes
   538 | D:1      | Reached skill level 1 in Stealth
  1154 | D:2      | Reached XP level 3. HP: 15/15 MP: 5/7
  1223 | D:2      | Found a hazy altar of Hepliaklqana.
  2299 | D:2      | Reached XP level 4. HP: 15/19 MP: 6/8
  2314 | D:2      | Learned a level 3 spell: Spider Form
  2504 | D:3      | Found a faded altar of an unknown god.
  2597 | D:3      | Noticed RedRedRas's ghost (amateur GnNe)
  2880 | D:4      | Reached XP level 5. HP: 13/22 MP: 7/9
  2915 | D:4      | Found a staircase to the Ecumenical Temple.
  2950 | D:4      | Found an ancient bone altar of Kikubaaqudgha.
  2950 | D:4      | Found a blossoming altar of Fedhas.
  2981 | Temple   | Entered the Ecumenical Temple
  3023 | Temple   | Became a worshipper of Sif Muna the Loreminder
  3091 | D:4      | Noticed an ogre
  3109 | D:5      | Entered Level 5 of the Dungeon
  3374 | D:5      | Noticed an ogre
  3552 | D:5      | Found a hide-covered altar of Uskayaw.
  3631 | D:6      | Reached skill level 1 in Poison Magic
  3659 | D:6      | Noticed a centaur
  3664 | D:6      | Noticed an orc warrior
  3668 | D:6      | Killed a centaur
  3668 | D:6      | Gained mutation: You are covered in thick fur. (AC +2) [Felid growth]
  3668 | D:6      | Reached XP level 6. HP: 14/26 MP: 9/11
  3701 | D:6      | Slain by an orc warrior
  3702 | D:6      | Reached XP level 5. HP: -3/22 MP: 4/10
  3765 | D:6      | Reached XP level 6. HP: 21/26 MP: 8/12
  3774 | D:6      | HP: 1/26 [orc/club (4)]
  3785 | D:6      | Slain by an orc

Skill      XL: |  1  2  3  4  5 |
---------------+----------------+-----
Dodging        | 3 4 |  4.0
Stealth        | 1 2 3 |  3.1
Unarmed Combat | 4 |  4.1
Fighting       | 2 |  2.0
Transmutations | 3 |  3.9
Poison Magic   | 1 |  1.9
Spellcasting   | 3 |  3.4

Action                   |  1- 3 |  4- 6 || total
-------------------------+-------+-------++-------
Melee: Unarmed           |   141 |   134 ||   275
       Bite              |    12 |     9 ||    21
       Headbutt          |    19 |    17 ||    36
       Punch             |     1 |     2 ||     3
 Cast: Beastly Appendage |    25 |    19 ||    44
       Spider Form       |       |     2 ||     2
  Use: Scroll            |     3 |     1 ||     4
       Potion            |       |     6 ||     6
 Stab: Sleeping          |     7 |     5 ||    12
       Invisible         |       |     1 ||     1
  Eat: Chunk             |    11 |     2 ||    13
Armor: Skin              |     5 |     5 ||    10
Dodge: Dodged            |   102 |   112 ||   214
